Map: 카이로스 정션 - 래더

Players

JinairRogue (Rogue) - Winner!

  • Race: Zerg Zerg
  • League: Master
  • Spawn Location: 5:00

Classic

  • Race: Protoss Protoss
  • League: Master
  • Spawn Location: 11:00

Event: IEM Season 13 - Katowice Server Qualifiers Asia 1

VOD

Have the link to the VOD?

Description

Time

  • Played on: Jan. 14, 2019, 6:38 a.m.
  • Length: 8:21

All games in this series

Show
View Real Time Build Order
Export as new Build Order

JinairRogue Zerg - Winner!

Build Orders: Hatch First 

Get SALT Encoding   

  12  0:01  Drone  
  13  0:09  Drone  
  14  0:17  Overlord  
  14  0:23  Extractor, Drone  
  15  0:44  Hatchery  
  15  0:48  Drone  
  15  0:52  Drone  
  15  0:55  Drone  
  17  0:58  Drone  
  18  1:09  Extractor  
  17  1:15  Spawning Pool  
  17  1:18  Drone  
  17  1:20  Drone  
  18  1:31  Drone  
  19  1:42  Drone  
  20  1:49  Hatchery  
  20  1:53  Drone  
  20  2:01  Queen  
  20  2:05  Drone  
  23  2:08  Drone  
  23  2:13  Drone  
  25  2:15  Drone  
  25  2:20  Metabolic Boost  
  26  2:26  Overlord  
  26  2:33  Zergling x4  
  28  2:44  Queen  
  28  2:45  Zergling x2  
  28  2:47  Queen  
  28  2:50  Drone  
  34  2:52  Drone  
  34  2:55  Drone  
  36  3:03  Queen  
  36  3:04  Zergling x2  
  39  3:06  Zergling x2  
  39  3:09  Overlord  
  40  3:13  Drone  
  40  3:15  Drone  
  40  3:19  Overlord  
  42  3:27  Queen  
  42  3:32  Drone x2  
  46  3:35  Drone x3  
  46  3:41  Drone x2  
  51  3:46  Overlord  
  51  3:48  Overlord  
  51  3:53  Drone  
  52  3:55  Drone  
  52  3:56  Drone  
  54  4:02  Overlord  
  54  4:06  Drone  
  54  4:07  Drone x6  
  61  4:10  Lair  
  61  4:16  Roach Warren  
  60  4:18  Extractor x2  
  60  4:22  Zergling x8  
  62  4:26  Zergling x2  
  62  4:27  Zergling x4  
  65  4:32  Drone x4  
  65  4:36  Overlord  
  69  4:41  Zergling x8  
  73  4:49  Overlord x2  
  73  4:56  Drone x5  
  73  4:59  Overlord  
  78  5:03  Evolution Chamber  
  78  5:05  Zergling x2  
  78  5:14  Drone x8  
  75  5:18  Glial Reconstitution  
  75  5:19  Overseer  
  75  5:20  Drone x3  
  83  5:22  Extractor  
  83  5:23  Overseer  
  83  5:24  Extractor  
  81  5:29  Spore Crawler  
  81  5:35  Overlord  
  79  5:36  Roach x2  
  79  5:37  Roach x3  
  89  5:43  Drone x4  
  89  5:47  Spore Crawler  
  93  5:50  Roach  
  93  5:51  Roach x2  
  93  5:56  Overlord x2  
  99  5:57  Overlord x2  
  99  6:00  Zerg Missile Weapons Level 1  
  99  6:02  Extractor  
  100  6:04  Roach x2  
  100  6:08  Spore Crawler  
  101  6:12  Roach x4  
  101  6:14  Overlord  
  109  6:20  Drone x3  
  112  6:28  Roach  
  113  6:34  Roach  
  113  6:35  Roach x7  
  129  6:40  Overlord  
  129  6:46  Roach x5  
  139  6:47  Ravager x3  
  139  6:48  Ravager  
  143  6:55  Spine Crawler  
  143  6:57  Overlord  
  143  6:59  Roach x2  
  146  7:10  Roach  
  146  7:11  Roach x6  
  146  7:13  Overlord x2  
  160  7:18  Ravager x5  
  165  7:23  Roach x3  
  163  7:32  Roach x6  
  163  7:36  Ravager  
  176  7:47  Roach x5  
  186  7:53  Overlord  
  158  7:58  Roach  
  158  8:00  Roach x6  
  158  8:02  Roach  
Show
View Real Time Build Order
Export as new Build Order

Classic Protoss 

Build Orders: 1 Gate Expand 

Get SALT Encoding   

  12  0:00  Probe  
  13  0:13  Probe  
  14  0:18  Pylon  
  14  0:25  Probe  
  15  0:33  Probe  
  15  0:41  Probe  
  16  0:42  Gateway  
  16  0:47  Assimilator  
  17  0:51  Probe  
  18  1:03  Probe  
  19  1:15  Probe  
  20  1:25  Nexus  
  20  1:27  Probe  
  21  1:37  Cybernetics Core  
  21  1:40  Probe  
  21  1:46  Assimilator  
  22  1:53  Pylon  
  22  1:56  Probe  
  23  2:04  Adept  
  23  2:11  Probe  
  26  2:18  Twilight Council  
  26  2:23  Probe  
  26  2:25  Warp Gate  
  27  2:30  Adept  
  27  2:32  Probe  
  27  2:33  Probe  
  31  2:40  Probe  
  31  2:41  Probe  
  31  2:49  Probe  
  31  2:51  Probe  
  35  2:59  Robotics Facility  
  35  3:02  Probe x2  
  37  3:07  Charge, Stalker  
  37  3:10  Probe  
  39  3:14  Probe  
  39  3:18  Probe  
  41  3:21  Pylon  
  42  3:30  Gateway  
  42  3:31  Probe x2  
  44  3:39  Warp Prism  
  44  3:44  Gateway  
  44  3:45  Gateway  
  44  3:53  Probe  
  44  3:54  Probe  
  48  3:58  Pylon  
  48  4:05  Probe  
  48  4:06  Probe  
  50  4:19  Pylon  
  50  4:29  Nexus  
  50  4:35  Pylon  
  50  4:37  Zealot x3  
  56  4:38  Zealot  
  56  4:44  Probe x2  
  60  4:48  Observer, Forge  
  60  4:51  Pylon  
  61  5:02  Zealot x4  
  61  5:04  Probe x2  
  71  5:07  Immortal  
  71  5:11  Protoss Ground Weapons Level 1  
  71  5:16  Probe x2  
  69  5:23  Sentry x4  
  77  5:28  Probe x2  
  77  5:32  Gateway  
  77  5:34  Immortal  
  79  5:35  Gateway  
  83  5:51  Gateway  
  83  5:53  Gateway  
  83  5:58  Probe x3  
  83  6:02  Immortal, Pylon  
  86  6:16  Gateway x2  
  90  6:23  Zealot x4  
  98  6:27  Pylon  
  97  6:35  Warp Prism, Probe x2  
  97  6:36  Probe  
  97  6:37  Sentry x2  
  106  6:47  Zealot x5  
  106  6:50  Pylon  
  116  7:04  Pylon  
  116  7:08  Pylon x2  
  115  7:10  Pylon  
  115  7:16  Zealot x2  
  115  7:17  Zealot x2  
  115  7:21  Zealot x2  
  115  7:22  Zealot x2  
  131  7:42  Zealot x8  
  131  7:43  Warp Prism  
  117  8:03  Zealot x5  
  117  8:04  Zealot  
  105  8:06  Zealot x2  
  79  8:18  Zealot x2  

Tags
 
Add a new tag
Caveats
  • Supply blocks, unpowered buildings, or Contaminate may cause inaccurate times.
  • Supply counts are checked every 10 seconds.